 Dungeon Crawl Stone Soup version 0.26-a0-346-g33516b1736 (webtiles) character file.

Game seed: 1621946804780233842

76 Glokmah the Chiller (level 4, 0/22 HPs)
             Began as a Vine Stalker Ice Elementalist on July 17, 2020.
             Slain by an iron imp (9 damage)
             ... summoned by Natasha
             ... on level 2 of the Dungeon.
             The game lasted 00:02:34 (1133 turns).

Glokmah the Chiller (Vine Stalker Ice Elementalist) Turns: 1133, Time: 00:02:35

Health: 0/22       AC:  2    Str: 10    XL:     4   Next: 32%
Magic:  0/9        EV: 13    Int: 16    God:
Gold:   69         SH:  0    Dex: 15    Spells: 1/8 levels left

rFire    . . .     SeeInvis .   j - +0 spear
rCold    . . .     Faith    .   (no shield)
rNeg     . . .     Spirit   +   a - +0 robe
rPois    .         Reflect  .   (no helmet)
rElec    .         Harm     .   (no cloak)
rCorr    +                      (no gloves)
MR       .....                  (no boots)
Stlth    ++........             (no amulet)
HPRegen  0.47/turn              k - ring of resist corrosion
MPRegen  0.11/turn              (no ring)

@: frozen ramparts, very slightly contaminated, slowed, very slow
A: fangs 2, regeneration 1, magic shield, antimagic bite, no potion heal 3, rot
immunity
a: no special abilities


You were on level 2 of the Dungeon.
You visited 1 branch of the dungeon, and saw 2 of its levels.

You collected 69 gold pieces.

Inventory:

Hand Weapons
 f - a +0 dagger
 j - a +0 spear (weapon)
Missiles
 c - 2 curare-tipped darts (quivered)
 d - 60 stones
 g - 13 poisoned darts
Armour
 a - a +0 robe (worn)
Jewellery
 k - a ring of resist corrosion (left hand)
Scrolls
 b - a scroll of teleportation {unknown}
 e - 3 scrolls of blinking {unknown}
 m - 2 scrolls of identify {unknown}
 o - 3 scrolls of enchant weapon {unknown}
 r - a scroll of enchant armour {unknown}
Potions
 h - a potion of curing {unknown}
 i - 2 potions of brilliance {unknown}
 l - a potion of degeneration {unknown}
 n - a potion of heal wounds {unknown}
 p - a potion of haste {unknown}
 q - a potion of flight {unknown}


   Skills:
 + Level 1.3 Fighting
 + Level 2.1 Dodging
 - Level 2.4 Stealth
 + Level 2.7 Spellcasting
 * Level 4.7 Ice Magic


You had one spell level left.
You knew the following spells:

 Your Spells              Type           Power        Failure   Level
a - Freeze                Ice            ###.         2%          1
b - Frozen Ramparts       Ice            ###...       9%          3
c - Ozocubu's Armour      Ice            ###.....     9%          3

Your spell library contained the following spells:

 Spells                   Type           Power        Failure   Level
 Hailstorm                Conj/Ice       #.......     58%         4
 Summon Ice Beast         Ice/Summ       #.......     58%         4


Dungeon Overview and Level Annotations

Branches:
Dungeon (2/15)

Altars:

Annotations:
D:2 Natasha


Innate Abilities, Weirdness & Mutations

You have extremely sharp teeth.
Your natural rate of healing is unusually fast.
When hurt, damage is shared between your health and your magic reserves.
Your bite disrupts and absorbs the magic of your enemies.
Potions cannot restore your health.
You are immune to rotting.


Message History

Nothing appears to happen.
The bat misses you.
Natasha stares at you and mumbles some strange words.
You feel yourself slow down. The bat hits you but does no damage.
The bat hits you but does no damage. The bat hits you.
Natasha mumbles some strange words.
You feel troubled.
Natasha casts a spell.
Casting: Freeze (safe; 2% risk of failure)
Confirm with . or Enter, or press ? or * to list all spells.
The spell is quite dangerous to cast (9% risk of failure)!
Continue anyway?
The walls around you are covered in ice.
The wall freezes the bat. x2; The bat hits you.
The wall freezes the bat.
You kill the bat!
Natasha casts a spell.
Natasha claws you. Natasha casts a spell at you. The magic dart hits you!
The crimson imp is frozen!
The wall freezes the crimson imp.
The iron imp hits you!
You die...

##...r. .# #...# .# #... .#
... .# ############# ..
.#########...........###^..
.....................'.....
...#######.......5.?.#
...†.#####.<....@5h..#
##.#.)......#.########
...#...........#
##.#....<......#
#.#...........#
##.............#
............#.##
###.#########.# #.# #+#


You could see an iron imp (summoned), Natasha and a crimson imp (summoned).

Vanquished Creatures
  Natasha (twice) (D:2)
  A dart slug (D:2)
  A giant cockroach (D:1)
  3 goblins (D:1)
  5 hobgoblins
  A kobold (D:1)
  A quokka (D:2)
  A ball python (D:1)
  3 bats
  A frilled lizard (D:2)
  6 rats
25 creatures vanquished.

Vanquished Creatures (others)
  A troll (D:1)
  A formicid (D:1)
  A vampire (D:1)
  A human (D:1)
  2 nagas (D:1)
  An ogre (D:1)
  2 centaurs (D:1)
  A mummy (D:1)
  An orc (D:1)
  A kobold (D:1)
  5 tentacles (D:1)
17 creatures vanquished.

Grand Total: 42 creatures vanquished

Notes
Turn   | Place    | Note
-------+----------+-------------------------------------------
     0 | D:1      | Glokmah the Vine Stalker Ice Elementalist began the quest
                  | for the Orb.
     0 | D:1      | Reached XP level 1. HP: 9/9 MP: 4/4
     0 | D:1      | Noticed a human
     0 | D:1      | Noticed a naga
     0 | D:1      | Noticed a troll
     0 | D:1      | Noticed a formicid
     0 | D:1      | Noticed a vampire
     0 | D:1      | Noticed a centaur
     0 | D:1      | Noticed a centaur
     0 | D:1      | Noticed a kraken
     0 | D:1      | Noticed a naga
     0 | D:1      | Noticed an ogre
     3 | D:1      | Killed a centaur
     4 | D:1      | Killed a naga
     4 | D:1      | Killed a naga
     5 | D:1      | Killed a troll
     9 | D:1      | Killed a human
     9 | D:1      | Killed a formicid
    11 | D:1      | Killed a centaur
    11 | D:1      | Killed a vampire
    12 | D:1      | Killed an ogre
   402 | D:1      | Reached XP level 2. HP: 14/14 MP: 6/6
   767 | D:2      | Noticed Natasha
   773 | D:2      | Killed Natasha
   773 | D:2      | Reached skill level 1 in Fighting
   773 | D:2      | Reached XP level 3. HP: 8/18 MP: 0/7
   957 | D:1      | Learned a level 3 spell: Frozen Ramparts
   961 | D:1      | Learned a level 3 spell: Ozocubu's Armour
  1046 | D:2      | Noticed Natasha
  1053 | D:2      | Killed Natasha
  1053 | D:2      | Gained mutation: Your natural rate of healing is unusually
                  | fast. [Vine Stalker growth]
  1053 | D:2      | Reached XP level 4. HP: 20/22 MP: 4/9
  1124 | D:2      | Noticed Natasha
  1133 | D:2      | Slain by an iron imp

Illustrated notes

Levels and vault maps discovered:
D:1:      nicolae_arrival_kraken_aquarium_a, layout_rooms
D:2:      layout_basic, grunt_ministairs_12, uniq_natasha

Skill      XL: |  1  2  3 |
---------------+----------+-----
Fighting       | 1 |  1.3
Dodging        | 2 |  2.1
Stealth        | |  2.4
Spellcasting   | |  2.7
Ice Magic      | |  4.7

Action                   |  1- 3 |  4- 6 || total
-------------------------+-------+-------++-------
Melee: Spear             |    32 |     2 ||    34
       Bite              |     9 |       ||     9
 Cast: Freeze            |    22 |     2 ||    24
       Frozen Ramparts   |     1 |     1 ||     2
 Stab: Sleeping          |     3 |       ||     3
Armor: Robe              |    12 |     2 ||    14
Dodge: Dodged            |    24 |     5 ||    29

Table legend:
 A = Non-vault XP
 B = Vault XP
 C = Vault XP percentage of total XP
 D = Non-vault monster count
 E = Vault monster count
 F = Vault count percentage of total count
                 A         B        C        D         E       F
            +---------+---------+-------+---------+---------+-------
      Total |      68 |      41 |  37.6 |      22 |       3 |  12.0
            +---------+---------+-------+---------+---------+-------
        D:1 |      22 |       0 |   0.0 |      14 |       0 |   0.0
        D:2 |      46 |      41 |  47.1 |       8 |       3 |  27.3
            +---------+---------+-------+---------+---------+-------
